Map: Lerilak Crest

Players

Petraeus

  • Race: Zerg Zerg
  • League: Grandmaster

PiG - Winner!

  • Race: Zerg Zerg
  • League: Grandmaster

Event: 2016 WCS Winter Challenger Oceania SEA

VOD

Have the link to the VOD?

Description

Time

  • Played on: Feb. 13, 2016, 10:32 p.m.
  • Length: 8:41

All games in this series

Show
View Real Time Build Order
Export as new Build Order

Petraeus Zerg 

Build Orders: Pool First 

Get SALT Encoding   

  12  0:00  Drone  
  13  0:18  Extractor  
  12  0:24  Spawning Pool  
  12  0:28  Drone  
  12  0:32  Drone  
  13  0:37  Drone  
  14  0:47  Overlord  
  14  1:10  Queen  
  16  1:11  Zergling x4  
  18  1:20  Metabolic Boost  
  18  1:24  Zergling x2  
  19  1:30  Zergling x2  
  20  1:35  Zergling x2  
  21  1:44  Baneling Nest  
  20  1:52  Overlord  
  20  1:58  Zergling x2  
  21  2:06  Zergling x2  
  22  2:16  Zergling x2  
  22  2:22  Zergling x4  
  25  2:23  Zergling x2  
  26  2:32  Zergling x2  
  26  2:44  Zergling x2  
  26  2:46  Baneling x2  
  27  2:53  Baneling x3  
  27  2:55  Zergling x2  
  28  3:02  Baneling  
  28  3:03  Drone x2  
  30  3:12  Drone x2  
  28  3:33  Hatchery  
  26  3:35  Drone  
  27  3:47  Queen  
  27  3:56  Drone  
  27  3:57  Overlord  
  27  4:00  Zergling x2  
  29  4:18  Drone x4  
  33  4:31  Overlord  
  33  4:39  Drone  
  34  4:46  Drone  
  34  4:48  Drone  
  36  4:56  Drone  
  36  4:58  Drone  
  36  4:59  Drone x2, Roach Warren  
  39  5:06  Drone  
  39  5:13  Hatchery  
  38  5:16  Drone  
  38  5:18  Drone  
  40  5:24  Overlord  
  40  5:26  Drone  
  40  5:28  Drone x2  
  43  5:33  Drone  
  43  5:37  Overlord  
  43  5:43  Drone x2  
  43  5:46  Evolution Chamber  
  44  5:50  Roach x2  
  44  5:52  Roach x2  
  52  6:01  Drone x2  
  53  6:05  Drone  
  53  6:06  Drone, Extractor  
  53  6:07  Overlord  
  53  6:11  Roach  
  53  6:12  Roach  
  53  6:13  Zerg Missile Weapons Level 1  
  57  6:24  Drone x4  
  60  6:27  Queen  
  60  6:30  Ravager x2  
  64  6:33  Drone x2  
  64  6:35  Roach x2  
  64  6:38  Zergling x2  
  64  6:39  Drone  
  72  6:40  Drone  
  72  6:46  Drone x2  
  75  6:47  Overlord  
  75  6:51  Roach  
  75  6:52  Roach  
  79  6:55  Roach  
  79  6:58  Overlord  
  79  6:59  Overlord  
  80  7:09  Overlord  
  80  7:12  Roach x2  
  80  7:13  Roach  
  80  7:14  Overlord  
  80  7:15  Overlord  
  86  7:16  Roach  
  86  7:19  Overlord  
  86  7:20  Roach  
  90  7:26  Roach x2  
  90  7:27  Roach  
  96  7:31  Roach  
  96  7:33  Roach  
  96  7:35  Overlord  
  100  7:41  Roach  
  100  7:43  Zergling x6, Roach  
  107  7:47  Zergling x4  
  107  7:48  Zergling x4  
  107  7:49  Overlord  
  111  7:53  Zergling x6  
  111  7:56  Zergling x2  
  115  7:59  Zergling x2  
  115  8:02  Zergling x2  
  117  8:07  Zergling x2  
  118  8:16  Zergling x8  
  110  8:20  Drone x3  
  110  8:23  Drone x4  
Show
View Real Time Build Order
Export as new Build Order

PiG Zerg - Winner!

Build Orders: Hatch First 

Get SALT Encoding   

  12  0:00  Drone  
  13  0:12  Overlord  
  13  0:19  Drone  
  14  0:31  Drone  
  14  0:32  Drone  
  14  0:34  Drone  
  17  0:52  Hatchery  
  17  0:54  Drone  
  17  0:58  Drone  
  18  1:06  Extractor  
  17  1:13  Spawning Pool  
  17  1:16  Drone  
  17  1:20  Drone  
  18  1:28  Drone  
  19  1:38  Overlord  
  19  2:00  Queen  
  19  2:01  Baneling Nest, Zergling x4  
  21  2:03  Spine Crawler  
  21  2:11  Zergling x2  
  21  2:12  Zergling x2  
  23  2:21  Zergling x2  
  23  2:22  Zergling x2  
  25  2:38  Queen  
  26  2:47  Baneling x2  
  26  2:48  Baneling x3  
  26  2:53  Drone x2  
  28  3:03  Drone  
  28  3:18  Baneling x2  
  28  3:25  Baneling x2  
  28  3:35  Queen  
  30  3:47  Hatchery  
  28  3:51  Zergling x4  
  30  3:59  Overlord  
  30  4:02  Overlord  
  30  4:18  Drone  
  30  4:20  Drone x2  
  33  4:27  Roach Warren  
  30  4:39  Drone  
  30  4:45  Drone  
  32  4:54  Drone x2  
  34  5:04  Drone x3  
  37  5:07  Hatchery  
  37  5:13  Drone  
  37  5:14  Drone  
  38  5:21  Overlord  
  38  5:22  Overlord  
  38  5:31  Roach x2  
  38  5:32  Drone x2  
  43  5:46  Drone  
  43  5:47  Drone x4  
  43  5:49  Extractor  
  47  5:50  Evolution Chamber  
  46  5:58  Drone x3  
  49  6:05  Drone  
  49  6:06  Overlord x2  
  49  6:07  Roach  
  51  6:13  Roach  
  51  6:17  Zerg Missile Weapons Level 1  
  51  6:18  Lair  
  53  6:24  Extractor  
  53  6:25  Drone  
  53  6:26  Drone x2  
  53  6:30  Drone x3  
  58  6:33  Roach x2  
  58  6:38  Roach x2  
  58  6:39  Roach  
  68  6:44  Drone  
  69  6:50  Roach  
  69  6:51  Roach x2  
  75  6:57  Roach x3  
  81  7:05  Roach  
  81  7:06  Roach x3  
  89  7:14  Overlord x4  
  89  7:15  Glial Reconstitution  
  89  7:16  Overseer  
  89  7:23  Overlord x2  
  89  7:30  Overlord  
  89  7:31  Overlord  
  89  7:38  Roach x4  
  96  7:51  Roach x5  
  106  7:55  Roach x2  
  110  8:02  Roach x3  
  116  8:06  Roach  
  118  8:18  Roach x5  
Tags
 
Add a new tag
Caveats
  • Supply blocks, unpowered buildings, or Contaminate may cause inaccurate times.
  • Supply counts are checked every 10 seconds.